 Dungeon Crawl Stone Soup version 0.29-a0-210-g9445043ebc (webtiles) character file.

Game seed: 10590062269329579951

441 Aksej the Archer (level 6, -3/32 HPs)
             Began as a Spriggan Hunter on Feb 24, 2022.
             Slain by an iguana (11 damage)
             ... on level 3 of the Dungeon.
             The game lasted 00:10:19 (3523 turns).

Aksej the Archer (Spriggan Hunter)                  Turns: 3523, Time: 00:10:19

Health: -3/32      AC:  2    Str:  6 (8)  XL:     6   Next: 70%
Magic:  7/7        EV: 17    Int: 12 (13) God:
Gold:   147        SH:  0    Dex: 16 (17) Spells: 5/5 levels left

rFire   . . .      SeeInvis +   a - +1 shortbow
rCold   . . .      Faith    .   (shield currently unavailable)
rNeg    . . .      Spirit   .   b - +0 robe
rPois   .          Reflect  .   (helmet restricted)
rElec   .          Harm     .   (no cloak)
rCorr   .          Rampage  .   (gloves unavailable)
Will    +....                   (boots unavailable)
Stlth   ++........              (no amulet)
HPRegen 0.10/turn               (no ring)
MPRegen 0.10/turn               (no ring)

@: very quick
A: very small, no large weapons, unfitting armour, see invisible, speed 3
a: no special abilities


You were on level 3 of the Dungeon.
You visited 1 branch of the dungeon, and saw 4 of its levels.

You collected 147 gold pieces.

Inventory:

Hand Weapons
 a - a +1 shortbow (weapon)
Armour
 b - a +0 robe (worn)
 m - a +1 cloak of preservation
Jewellery
 d - a ring of protection from cold
Scrolls
 g - a scroll of teleportation
Potions
 c - a potion of might
 e - 3 potions of magic
 f - a potion of flight
 h - a potion of invisibility {unknown}
 k - a potion of lignification {unknown}


   Skills:
 + Level 2.6 Fighting
 + Level 9.0 Bows
 + Level 3.1 Dodging
 + Level 2.5 Stealth


You had 5 spell levels left.
You didn't know any spells.
Your spell library was empty.

Dungeon Overview and Level Annotations

Branches:
Dungeon (4/15)
 Temple: D:4-7

Altars:

Shops:
D:4 (

Annotations:
D:4 Eustachio


Innate Abilities, Weirdness & Mutations

You are very small and have problems with some larger weapons.
You are too small for most types of armour.
You have supernaturally acute eyesight. (SInv)
You cover ground extremely quickly. (Speed+++)


Message History

Press: ? - help, Q - select action Shift-Dir - straight line, f/p - Eustachio
Aim: Eustachio, wielding a +0 rapier and wearing a +0 leather armour (lightly wounded, 57% to hit)
You shoot an arrow.
The arrow hits Eustachio but does no damage.
Eustachio is lightly wounded.
Eustachio misses you.
Shoot: a) +1 shortbow
Press: ? - help, Q - select action Shift-Dir - straight line, f/p - Eustachio
Aim: Eustachio, wielding a +0 rapier and wearing a +0 leather armour (lightly wounded, 57% to hit)
You shoot an arrow. The arrow barely misses Eustachio.
Eustachio hits you with a +0 rapier!
Shoot: a) +1 shortbow
Press: ? - help, Q - select action Shift-Dir - straight line, f/p - Eustachio
Aim: Eustachio, wielding a +0 rapier and wearing a +0 leather armour (lightly wounded, 57% to hit)
You shoot an arrow. The arrow hits Eustachio.
Eustachio is lightly wounded.
Eustachio hits you with a +0 rapier!
* * * LOW HITPOINT WARNING * * *
Eustachio gestures wildly while chanting.
Eustachio gestures wildly while chanting.
An iguana comes into view.
The iguana hisses angrily.
There is a stone staircase leading up here.
The iguana bites you.
* * * LOW HITPOINT WARNING * * *
You climb upwards.
There is a stone staircase leading down here.
Shoot: a) +1 shortbow
Press: ? - help, Q - select action Shift-Dir - straight line, f - iguana
Aim: an iguana (69% to hit)
You shoot an arrow. The arrow hits the iguana!
The iguana is severely wounded.
Shoot: a) +1 shortbow
Press: ? - help, Q - select action Shift-Dir - straight line, f/p - iguana
Aim: an iguana (severely wounded, 69% to hit)
You shoot an arrow.
The arrow hits the iguana but does no damage.
The iguana is severely wounded.
The iguana bites you!
You die...

#.............# ♣...≈.≈.♣
#.###########.######.≈≈≈≈.
#.# #...#....≈.≈.≈≈≈.♣ #.#
#...#.###≈≈≈≈#≈.≈#
#.#######...#.###≈≈≈...≈.≈
#..)..[.'....>......≈.≈.≈.
#########...#.###..≈≈≈≈..#
#...l.#'###.≈.≈≈♣≈##
#..@..........≈≈..≈.
#)................##
#...........(.....#
#....##'###########
#....##.#
#....##.############
#....##.............
#....###############
#....#


You could see an iguana.

Vanquished Creatures
  A bullfrog (D:3)
  A scorpion (D:3)
  Crazy Yiuf (D:2)
  2 orc priests (D:3)
  A hound (D:4)
  2 orc wizards (D:3)
  Robin (D:4)
  5 adders
  An adder skeleton (D:4)
  2 worms (D:2)
  3 dart slugs
  4 orcs (D:3)
  7 ball pythons
  2 bats
  8 endoplasms
  2 giant cockroaches
  10 hobgoblins
  9 jackals
  2 kobolds
  2 quokkas
  A frilled lizard (D:1)
  7 goblins
  6 rats
80 creatures vanquished.

Notes
Turn   | Place    | Note
-------+----------+-------------------------------------------
     0 | D:1      | Aksej the Spriggan Hunter began the quest for the Orb.
     0 | D:1      | Reached XP level 1. HP: 10/10 MP: 2/2
    75 | D:1      | Reached skill level 5 in Bows
   124 | D:1      | Reached XP level 2. HP: 14/14 MP: 3/3
   465 | D:1      | You fall into a shaft and drop 1 floor!
   528 | D:1      | Found a faded altar of an unknown god.
   665 | D:2      | Reached XP level 3. HP: 18/18 MP: 4/4
   685 | D:2      | Reached skill level 6 in Bows
  1174 | D:2      | Reached XP level 4. HP: 23/23 MP: 5/5
  1413 | D:2      | Found a runed translucent door.
  1414 | D:2      | Noticed Crazy Yiuf
  1584 | D:2      | Killed Crazy Yiuf
  1894 | D:3      | Reached skill level 7 in Bows
  1894 | D:3      | Reached XP level 5. HP: 16/26 MP: 6/6
  2176 | D:3      | Reached skill level 8 in Bows
  2183 | D:3      | Reached XP level 6. HP: 27/30 MP: 7/7
  2278 | D:3      | HP: 1/30 [poisoned by a scorpion]
  3114 | D:4      | Noticed Robin
  3114 | D:4      | Noticed Eustachio
  3190 | D:4      | Found Ytaob's Antique Weapon Boutique.
  3437 | D:4      | Killed Robin
  3438 | D:4      | Reached skill level 9 in Bows
  3523 | D:3      | Slain by an iguana

Illustrated notes

Levels and vault maps discovered:
D:1:      sevenhm_arrival_forest_fort_large_4, layout_rooms,
          shapermc_ecumenical_altar_hornbeckon
D:2:      layout_loops_ring, minmay_misc_feat_five, grunt_ministairs_1,
          mrwooster_statue_mirror, hangedman_decor_growths, kennysheep_path_1,
          chequers_jeans, st_stairs_11, dk_noncrumbling_2, item_on_display_a,
          uniq_crazy_yiuf_cottage
D:3:      layout_basic, chequers_serial_rivers_marsh
D:4:      layout_basic, serial_shops, shop, minmay_misc_feat_nine_boxes,
          uniq_robin, uniq_eustachio

Skill      XL: |  1  2  3  4  5  6 |
---------------+-------------------+-----
Stealth        | 2 |  2.5
Bows           | 5 6 7 8 9 |  9.0
Fighting       | 2 |  2.6
Dodging        | 3 |  3.1

Action                   |  1- 3 |  4- 6 || total
-------------------------+-------+-------++-------
 Fire: Shortbow          |    85 |   158 ||   243
  Use: Scroll            |     5 |     6 ||    11
       Potion            |       |     4 ||     4
Armor: Robe              |     3 |     4 ||     7
Dodge: Dodged            |    13 |    42 ||    55

Table legend: (Time is in decaauts)
 A = Elapsed time spent in this place.
 B = Non-inter-level travel time spent in this place.
 C = Inter-level travel time spent in this place.
 D = Time resting spent in this place.
 E = Time spent auto-exploring this place.
 F = Levels seen in this place.
 G = Mean time per level.
                   A        B        C        D        E       F      G
               +--------+--------+--------+--------+--------+-----+--------+
         Total |   2618 |   2496 |    122 |    253 |   1725 |   4 |  654.5 |
       Dungeon |   2618 |   2496 |    122 |    253 |   1725 |   4 |  654.5 |
               +--------+--------+--------+--------+--------+-----+--------+

Top non-repeatable levels by time:
     D:2: 1037 daAuts
     D:3: 891 daAuts
     D:1: 420 daAuts
     D:4: 268 daAuts
